 Dungeon Crawl Stone Soup version 0.29-a0-231-g945431f764 (webtiles) character file.

Game seed: 8922618484093885942

233 Morbidden the Ruffian (level 5, -5/36 HPs)
             Began as a Draconian Transmuter on Feb 28, 2022.
             Slain by Grinder (8 damage)
             ... on level 3 of the Dungeon.
             The game lasted 00:06:18 (3886 turns).

Morbidden the Ruffian (Draconian Transmuter)        Turns: 3886, Time: 00:06:19

Health: -5/36      AC:  5    Str: 13 (15) XL:     5   Next: 75%
Magic:  1/9        EV: 12    Int: 11 (13) God:
Gold:   142        SH:  0    Dex:  9 (11) Spells: 7/9 levels left

rFire   . . .      SeeInvis .     - Unarmed
rCold   . . .      Faith    .   (no shield)
rNeg    . . .      Spirit   .   (body armour unavailable)
rPois   .          Reflect  .   (helmet restricted)
rElec   .          Harm     .   (no cloak)
rCorr   .          Rampage  .   (no gloves)
Will    .....                   (no boots)
Stlth   +.........              (no amulet)
HPRegen 0.12/turn               (no ring)
MPRegen 0.11/turn               (no ring)

@: no status effects
A: AC +5, unfitting armour, cold-blooded, frail 1
a: no special abilities


You were on level 3 of the Dungeon.
You visited 1 branch of the dungeon, and saw 3 of its levels.

You collected 142 gold pieces.

Inventory:

Missiles
 h - 2 boomerangs (quivered)
 j - 53 stones
Scrolls
 a - 3 scrolls of identify {unknown}
 b - 2 scrolls of vulnerability {unknown}
 d - a scroll of amnesia {unknown}
 e - 2 scrolls of enchant weapon {unknown}
 g - a scroll of enchant armour {unknown}
 k - a scroll of torment {unknown}
 l - a scroll of fear {unknown}
 n - a scroll of holy word {unknown}


   Skills:
 * Level 2.1 Fighting
 * Level 2.4 Dodging
 + Level 1.4 Stealth
 * Level 4.1 Unarmed Combat
 * Level 2.7 Spellcasting
 * Level 2.9 Transmutations
 * Level 1.8 Earth Magic


You had 7 spell levels left.
You knew the following spells:

 Your Spells              Type           Power      Damage    Failure   Level
a - Sandblast             Erth           10%        2d5       13%         1
z - Beastly Appendage     Tmut           14%        N/A       9%          1

Your spell library contained the following spells:

 Spells                   Type           Power      Damage    Failure   Level
 Wereblood                Tmut           7%         N/A       12%         2
 Passwall                 Tmut/Erth      5%         N/A       16%         2
 Foxfire                  Conj/Fire      4%         2x1d4     26%         1
 Spider Form              Tmut/Pois      4%         N/A       41%         3
 Stone Arrow              Conj/Erth      6%         3d7       50%         3
 Conjure Flame            Conj/Fire      1%         6-21      63%         3
 Inner Flame              Hex/Fire       1%         N/A       63%         3
 Ice Form                 Ice/Tmut       4%         N/A       83%         4
 Flame Wave               Conj/Fire      1%         2d4       95%         4


Dungeon Overview and Level Annotations

Branches:
Dungeon (3/15)

Altars:

Shops:
D:2 ((=[

Annotations:
D:3 Grinder


Innate Abilities, Weirdness & Mutations

Your plain brown scales are hard. (AC +5)
You cannot fit into any form of body armour.
You are cold-blooded and may be slowed by cold attacks.
You are frail. (-10% HP)


Message History

You shrug off the repeated paralysis!
You completely miss Grinder. You tail-slap Grinder.
Grinder is almost dead.
Grinder gestures at you. You resist with significant effort.
Unknown command.
You barely miss Grinder.
You tail-slap Grinder, but do no damage.
Grinder is almost dead.
Grinder completely misses you.
Unknown command.
Unknown command.
You closely miss Grinder.
Grinder is severely wounded.
Grinder says, "Tell me all your secrets, or I'll kill you."
Grinder gestures at you.
You barely resist.
Unknown command.
You closely miss Grinder.
Grinder is severely wounded.
Grinder hits you.
Unknown command.
Casting: Sandblast (safe; 13% risk of failure)
Confirm with . or Enter, or press ? or * to list all spells.
Aiming: Sandblast (safe; 13% risk of failure)
Press: ? - help, Shift-Dir - straight line, f/p - Grinder
Aim: Grinder (severely wounded, 75% to hit)
The blast of sand hits Grinder.
Grinder is almost dead.
j - 53 stones Grinder hits you!
* * * LOW HITPOINT WARNING * * *
You writhe in agony.
* * * LOW HITPOINT WARNING * * *
Unknown command.
Unknown command.
You hit Grinder.
Grinder is almost dead.
Grinder hits you!
You die...

#......#†..............#...###
#†....###....................#
#....## ##....................
####...## ##.............).....
#<.#...# ....#..............
#......# #####.####.........
###.....# ### #.# #.........
##..####.#♣#..###.####.........
##.# ♣......@5...#..........†
.# #.#♣#...........>...>... .#
#...............†... .#
#...................
#...................
#...................
#..........<........<
#.....................
......................


You could see Grinder.

Vanquished Creatures
  An orc wizard (D:3)
  Terence (D:2)
  Natasha (thrice) (D:2)
  Robin (D:2)
  3 adders
  A worm (D:2)
  A dart slug (D:3)
  4 orcs (D:3)
  6 ball pythons
  2 endoplasms (D:1)
  12 goblins
  8 hobgoblins
  2 jackals (D:2)
  2 kobolds (D:1)
  2 quokkas (D:3)
  7 bats
  4 frilled lizards
  4 rats
64 creatures vanquished.

Vanquished Creatures (others)
  6 plants (D:1)
6 creatures vanquished.

Grand Total: 70 creatures vanquished

Notes
Turn   | Place    | Note
-------+----------+-------------------------------------------
     0 | D:1      | Morbidden the Draconian Transmuter began the quest for the
                  | Orb.
     0 | D:1      | Reached XP level 1. HP: 16/16 MP: 3/3
   481 | D:1      | Reached XP level 2. HP: 20/23 MP: 3/5
   670 | D:1      | Learned a level 1 spell: Sandblast
   958 | D:2      | Found Haiphuod's Antique Armour Boutique.
   963 | D:2      | Found Voanegur's Jewellery Shoppe.
  1394 | D:2      | Found Nanehath's Antique Weapon Shoppe.
  1443 | D:2      | Reached XP level 3. HP: 28/28 MP: 4/6
  1492 | D:2      | Found Tihiw's Weapon Shop.
  1800 | D:2      | Noticed Natasha
  1805 | D:2      | Killed Natasha
  1961 | D:2      | Noticed Robin
  2185 | D:2      | Reached XP level 4. HP: 36/36 MP: 5/7
  2189 | D:2      | Killed Robin
  2521 | D:2      | Noticed Terence
  2535 | D:2      | Killed Terence
  2715 | D:2      | Noticed Natasha
  2723 | D:2      | Killed Natasha
  2724 | D:2      | Reached skill level 1 in Stealth
  2724 | D:2      | Reached XP level 5. HP: 41/41 MP: 6/8
  2748 | D:2      | Found Voanegur's Jewellery Shoppe.
  2796 | D:2      | Noticed Natasha
  2806 | D:2      | Killed Natasha
  2807 | D:2      | Reached skill level 1 in Earth Magic
  3199 | D:2      | Found Nanehath's Antique Weapon Shoppe.
  3217 | D:2      | Found Tihiw's Weapon Shop.
  3234 | D:2      | Found Haiphuod's Antique Armour Boutique.
  3323 | D:3      | Reached skill level 4 in Unarmed Combat
  3428 | D:3      | Gained mutation: You occasionally shout uncontrollably at
                  | your foes. [potion of mutation]
  3428 | D:3      | Gained mutation: You are dopey. (Int -2) [potion of
                  | mutation]
  3428 | D:3      | Gained mutation: Your spells are a little easier to cast,
                  | but a little less powerful. [potion of mutation]
  3431 | D:3      | Lost mutation: You occasionally shout uncontrollably at
                  | your foes. [potion of mutation]
  3431 | D:3      | Lost mutation: Your spells are a little easier to cast, but
                  | a little less powerful. [potion of mutation]
  3431 | D:3      | Gained mutation: You are frail. (-10% HP) [potion of
                  | mutation]
  3431 | D:3      | Lost mutation: You are dopey. (Int -2) [potion of mutation]
  3849 | D:3      | Noticed Grinder
  3867 | D:3      | Paralysed by Grinder for 4 turns
  3873 | D:3      | Paralysed by Grinder for 2 turns
  3878 | D:3      | Paralysed by Grinder for 2 turns
  3886 | D:3      | Slain by Grinder

Illustrated notes

Levels and vault maps discovered:
D:1:      sevenhm_arrival_forest_fort_small_6, layout_loops_cross,
          serial_bayou_pond_c
D:2:      layout_basic, serial_shops, nicolae_square_shop, nicolae_shop_crystal,
          nicolae_shop_advertising_works [nicolae_subvault_shop_adworks],
          shop_coins, uniq_terence, uniq_robin, uniq_natasha
D:3:      layout_rooms, amethyst_overflow_temple_binary,
          hellmonk_ecumenical_altar_lost_god, uniq_grinder

Skill      XL: |  1  2  3  4  5 |
---------------+----------------+-----
Dodging        | 2 |  2.4
Fighting       | 2 |  2.1
Stealth        | 1 |  1.4
Earth Magic    | 1 |  1.8
Unarmed Combat | 4 |  4.1
Spellcasting   | |  2.7
Transmutations | |  2.9

Action                   |  1- 3 |  4- 6 || total
-------------------------+-------+-------++-------
Melee: Unarmed           |    91 |    98 ||   189
       Kick              |     8 |    22 ||    30
       Tailslap          |     8 |    17 ||    25
       Headbutt          |     5 |     5 ||    10
       Punch             |     2 |       ||     2
Throw: Boomerang         |       |    13 ||    13
 Cast: Beastly Appendage |    13 |    15 ||    28
       Sandblast         |       |    27 ||    27
  Use: Potion            |       |     7 ||     7
 Stab: Sleeping          |     1 |       ||     1
Armor: Skin              |    31 |    32 ||    63
Dodge: Dodged            |    57 |    69 ||   126

Table legend: (Time is in decaauts)
 A = Elapsed time spent in this place.
 B = Non-inter-level travel time spent in this place.
 C = Inter-level travel time spent in this place.
 D = Time resting spent in this place.
 E = Time spent auto-exploring this place.
 F = Levels seen in this place.
 G = Mean time per level.
                   A        B        C        D        E       F      G
               +--------+--------+--------+--------+--------+-----+--------+
         Total |   3885 |   3840 |     45 |    759 |   2512 |   3 | 1295.0 |
       Dungeon |   3885 |   3840 |     45 |    759 |   2512 |   3 | 1295.0 |
               +--------+--------+--------+--------+--------+-----+--------+

Top non-repeatable levels by time:
     D:2: 2113 daAuts
     D:1: 1143 daAuts
     D:3: 628 daAuts
